 Dungeon Crawl Stone Soup version 0.16-a0-3300-g0332368 (webtiles) character file.

509 PolkaDot the Skirmisher (level 6, -2/53 HPs)
             Began as a Vampire Summoner on Dec 22, 2014.
             Slain by an orc priest
             ... wielding a +0 flail
              (8 damage)
             ... on level 5 of the Dungeon on Dec 25, 2014.
             The game lasted 00:15:47 (4933 turns).

PolkaDot the Skirmisher (Vampire Summoner)          Turns: 4933, Time: 00:15:48

Health: -2/53      AC:  6    Str:  7    XL:     6   Next: 98%
Magic:  9/19       EV: 12    Int: 19    God:
Gold:   133        SH:  0    Dex: 14    Spells: 3 memorised, 0 levels left

rFire  . . .     SeeInvis +     c - +1 spear
rCold  + . .     Clarity  .     e - +2 leather armour {rC+}
rNeg   + . .     SustAb   .     (no shield)
rPois  .         Gourm    .     (helmet restricted)
rElec  .         Spirit   .     l - +2 cloak
rCorr  .         Warding  +     (no gloves)
rMut   .         Stasis   .     (no boots)
MR     +....                    q - amulet of warding (curse)
Stlth  ++........               s - ring of protection from magic
                                o - ring of magical power

@: very slightly contaminated, regenerating quickly, somewhat resistant to
hostile enchantments, unstealthy
A: bottle blood, fangs 3, horns 1, see invisible, deformed body, mutation
resistance 1, unbreathing
a: no special abilities


You were on level 5 of the Dungeon.
You were very full.

You visited 1 branch of the dungeon, and saw 5 of its levels.

You collected 133 gold pieces.

Inventory:

Hand weapons
 c - a +1 spear (weapon)
Armour
 e - a +2 leather armour of cold resistance (worn)
 l - a +2 cloak (worn)
Jewellery
 o - a ring of magical power (left hand)
 q - a cursed amulet of warding (around neck)
 s - a ring of protection from magic (right hand)
Magical devices
 a - a wand of digging (14)
 t - a wand of teleportation (4)
Scrolls
 d - a scroll of fear
 f - 3 scrolls of teleportation
 g - 4 scrolls of recharging
 h - a scroll of immolation
 i - 3 scrolls of remove curse
 r - a scroll of amnesia
Potions
 j - 2 potions of heal wounds
 k - 3 potions of flight
 m - 8 potions of blood {@*1}
 n - a potion of curing {unknown}
Books
 b - a book of Callings

   Spells                             Type                      Level
   a - Summon Small Mammal            Summoning                    1
   b - Call Imp                       Summoning                    2
   c - Call Canine Familiar           Summoning                    3
   d - Summon Guardian Golem          Hexes/Summoning              4
   e - Summon Lightning Spire         Summoning/Air                4
   f - Summon Ice Beast               Ice/Summoning                4


   Skills:
 * Level 6.6 Fighting
 - Level 2.1 Dodging
 - Level 3.0 Stealth
 - Level 2.0 Spellcasting
 - Level 4.0 Summonings


You couldn't memorise any spells.
You knew the following spells:

 Your Spells              Type           Power        Failure   Level  Hunger
d - Call Canine Familiar  Summ           ###.....     12%         3    ###....
i - Summon Ice Beast      Ice/Summ       #.......     75%         4    #####..
s - Call Imp              Summ           ###.....     6%          2    ###....


Dungeon Overview and Level Annotations

Branches:
Dungeon (5/15)
 Temple: D:4-7

Altars:
Dithmenos
Fedhas
Gozag
Makhleb

Annotations:
D:5 psyched's ghost, average DsAE


Innate Abilities, Weirdness & Mutations

Your natural rate of healing is unusually fast.
You can bottle blood from corpses.
You have razor-sharp teeth.
You have supernaturally acute eyesight.
You can survive without breathing.
You have a pair of small horns on your head.
Armour fits poorly on your strangely shaped body.
You are somewhat resistant to further mutation.


Message History

The zap hits you!
* * * LOW HITPOINT WARNING * * *
The zap hits your white imp. The orc priest hits you with a flail.
* * * LOW HITPOINT WARNING * * *
The orc hits you from afar with a trident.
* * * LOW HITPOINT WARNING * * *
Casting: Call Imp
Confirm with . or Enter, or press ? or * to list all spells.
You miscast Call Imp.
You are very lightly contaminated with residual magic.
Your brain hurts!
The orc hits you from afar with a trident.
* * * LOW HITPOINT WARNING * * *
Your crimson imp completely misses psyched's ghost.
Psyched's ghost casts a spell at you. The zap misses your crimson imp.
The zap hits the orc priest.
The zap hits you!
* * * LOW HITPOINT WARNING * * *
The zap misses you.
Your hound barely misses the orc.
The orc priest hits you with a flail!
You die...

#..#.....
#..#.....#
#..#.....#
#..#.....#
#..#.....#
#<.#.....#
#.5'5....#
#..#.....#
#..#@ho5.#
#..#.o5..#
+..#.)oW.#
#..##...#....
#..##.......+
#...#...P.P..
+...#...._..
#.. #...P.P
+..[..


You could see an orc priest, psyched's ghost, 2 orcs, a friendly hound, 2
friendly crimson imps and a friendly white imp.

Vanquished Creatures
  Sigmund (D:2)
  A scorpion (D:4)
  A hound (D:4)
  A giant frog skeleton (D:4)
  Ijyb (D:2)
  5 adders
  4 worms
  An adder zombie (D:3)
  An ooze (D:2)
  5 orcs
  5 ball pythons
  14 bats
  A bat zombie (D:3)
  5 giant cockroaches
  9 hobgoblins
  9 kobolds
  2 giant geckos (D:3)
  6 giant newts
  5 goblins
  2 jackals
  11 rats
90 creatures vanquished.

Vanquished Creatures (collateral kills)
  Menkaure (D:4)
  An ogre (D:4)
  An iguana (D:2)
  An orc wizard (D:3)
  A worker ant (D:4)
  9 adders
  A worm (D:2)
  2 oozes (D:1)
  5 orcs
  A giant cockroach (D:4)
  4 hobgoblins
  2 jackals
  A giant newt (D:3)
  A goblin (D:4)
  6 kobolds
37 creatures vanquished.

Vanquished Creatures (others)
  An iron imp (D:2)
  2 hounds
  A white imp (D:2)
  A giant cockroach (D:5)
  A quokka (D:1)
  2 rats (D:1)
8 creatures vanquished.

Grand Total: 135 creatures vanquished

Notes
Turn   | Place    | Note
--------------------------------------------------------------
     0 | D:1      | PolkaDot, the Vampire Summoner, began the quest for the Orb.
     0 | D:1      | Reached XP level 1. HP: 13/13 MP: 3/3
   288 | D:1      | Reached skill level 1 in Fighting
   462 | D:1      | Reached XP level 2. HP: 15/21 MP: 4/4
   624 | D:1      | Upgraded the game from 0.16-a0-3246-g12054e0 to 0.16-a0-3300-g0332368
  1069 | D:1      | Reached XP level 3. HP: 28/28 MP: 6/6
  1073 | D:1      | Learned a level 2 spell: Call Imp
  1077 | D:1      | Learned a level 3 spell: Call Canine Familiar
  1243 | D:2      | Noticed Sigmund
  1249 | D:2      | Gained mutation: You have a pair of small horns on your head. [potion of mutation]
  1249 | D:2      | Gained mutation: Armour fits poorly on your strangely shaped body. [potion of mutation]
  1249 | D:2      | Gained mutation: You are somewhat resistant to further mutation. [potion of mutation]
  1538 | D:2      | Noticed Ijyb
  1572 | D:2      | Killed Ijyb
  1868 | D:2      | Found a shadowy altar of Dithmenos.
  2085 | D:2      | Reached XP level 4. HP: 14/35 MP: 0/7
  2198 | D:2      | Killed Sigmund
  2462 | D:2      | Reached XP level 5. HP: 35/42 MP: 0/9
  3502 | D:3      | Reached skill level 5 in Fighting
  3903 | D:3      | Reached XP level 6. HP: 51/51 MP: 10/10
  4068 | D:4      | Found a burning altar of Makhleb.
  4168 | D:4      | Found an opulent altar of Gozag.
  4262 | D:4      | Noticed Menkaure
  4274 | D:4      | Killed Menkaure
  4274 | D:4      | Reached skill level 6 in Fighting
  4899 | D:5      | Entered Level 5 of the Dungeon
  4916 | D:5      | Learned a level 4 spell: Summon Ice Beast
  4922 | D:5      | Found a blossoming altar of Fedhas.
  4925 | D:5      | Noticed psyched's ghost (average DsAE)
  4933 | D:5      | Slain by an orc priest

Action                   |  1- 3 |  4- 6 || total
-------------------------+-------+-------++-------
Melee: Unarmed           |    23 |       ||    23
       Spear             |   159 |   251 ||   410
 Cast: Summon Small Mamm |    17 |     4 ||    21
       Call Imp          |     3 |    51 ||    54
       Call Canine Famil |     3 |    21 ||    24
  Use: Potion            |     3 |    20 ||    23
       Scroll            |     7 |     6 ||    13
 Stab: Sleeping          |     8 |    11 ||    19
       Distracted        |     2 |     2 ||     4
  Eat: Corpse            |    13 |     9 ||    22
